[Event "Team 45 45 League T59"]
[Site "Internet Chess Club"]
[Date "2013.11.21"]
[Round "1"]
[White "mongmong"]
[Black "BenjaminSisko"]
[Result "1-0"]
[WhiteElo "1677"]
[BlackElo "1575"]
[Opening "Queen's pawn: Yusupov-Rubinstein system"]
[ECO "A46"]
[Time "20:00:12"]
[TimeControl "2700+45"]

1. d4 Nf6 2. Nf3 e6 3. e3 c5 4. c3 cxd4 5. exd4 b6 6. Bd3 Bb7 7. Bf4 Be7 8. h3
d6 9. Qe2 Nbd7 10. Nbd2 O-O 11. Nc4 Qc7 12. O-O Rfe8 13. Rfe1 b5 14. Ne3 a6 15.
a4 bxa4 16. Rxa4 a5 17. Rea1 Bc6 18. Bb5 Bxb5 19. Qxb5 Reb8 20. Qe2 Qb6 21. Nc4
Qb5 22. Qc2 e5 23. dxe5 dxe5 24. Nfxe5 Nc5 25. Rxa5 Rxa5 26. Rxa5 Qb3 27. Qxb3
Nxb3 28. Ra7 Re8 29. Nd3 Nc5 30. Nxc5 Bxc5 31. Rb7 Ne4 32. Ne3 Nd6 33. Bxd6 Bxd6
34. Kf1 Rb8 35. Rxb8+ Bxb8 36. Ke2 Kf8 37. Kd3 Ke8 38. b4 Kd7 39. c4 g6 40. Kd4
Kc6 41. b5+ Kb6 42. Nd5+ Kb7 43. f3 Bg3 44. c5 Bf2+ 45. Ke5 f5 46. Kd6 Bg3+ 47.
Kd7 Kb8 48. c6 Be5 49. c7+ Bxc7 50. Nxc7 Kb7 51. Nd5 Kb8 52. Kc6 g5 53. Nf6 h6
54. Ng8 h5 55. Nh6 g4 56. fxg4 fxg4 57. hxg4 hxg4 58. Nxg4 {Black resigns} 1-0

[Event "Team 45 45 League T59"]
[Site "Internet Chess Club"]
[Date "2013.11.24"]
[Round "1"]
[White "julesraider"]
[Black "oldsj"]
[Result "1/2-1/2"]
[WhiteElo "1593"]
[BlackElo "1595"]
[Opening "King's Indian: orthodox, Aronin-Taimanov, bayonet attack"]
[ECO "E97"]
[Time "10:33:54"]
[TimeControl "2700+45"]

1. d4 Nf6 2. c4 g6 3. Nc3 Bg7 4. e4 d6 5. Nf3 O-O 6. Be2 e5 7. O-O Nc6 8. d5 Ne7
9. b4 Nh5 10. Re1 f5 11. Ng5 Nf6 12. Bf3 f4 13. c5 h6 14. Ne6 Bxe6 15. dxe6 dxc5
16. Qb3 c6 17. Rd1 Qc7 18. bxc5 Rfd8 19. Bb2 Nh7 20. Rxd8+ Rxd8 21. Rd1 b5 22.
cxb6 Rxd1+ 23. Qxd1 Qxb6 24. Na4 Qb4 25. a3 Qc4 26. Qd8+ Bf8 27. Qa5 Qxe6 28.
Bxe5 Ng5 29. Bxf4 Nxf3+ 30. gxf3 g5 31. Bd2 Qf7 32. Qc3 Bg7 33. Qd3 Be5 34. Kg2
Ng6 35. Qd8+ Qf8 36. Qxf8+ Kxf8 37. Be3 Nh4+ 38. Kh1 Nxf3 39. Bxa7 Nxh2 40. Kg2
Ng4 41. Bc5+ Kf7 42. Nb6 Ke8 43. Nc4 Bc7 44. Bd4 h5 45. f3 Nh6 46. Ne5 Bxe5 47.
Bxe5 Nf7 48. Bf6 Kd7 49. a4 Kc8 50. e5 c5 51. e6 Nd6 52. Bxg5 c4 53. Bf4 Nf5 54.
a5 Nd4 55. e7 Kd7 56. Bg5 Nc6 57. a6 c3 58. Kf2 c2 59. Ke2 h4 60. Kd2 h3 61. Bf4
Kxe7 62. Kxc2 Nb4+ 63. Kd2 Nxa6 64. Ke2 Nc5 65. Bg5+ Ke6 66. Kf1 Ne4 67. fxe4
Ke5 68. Kg1 Kxe4 69. Kh2 Kf5 70. Kxh3 {Game drawn because neither player has
mating material} 1/2-1/2

[Event "Team 45 45 League T59"]
[Site "Internet Chess Club"]
[Date "2013.11.23"]
[Round "1"]
[White "Grenadier"]
[Black "Signalman"]
[Result "1-0"]
[WhiteElo "1718"]
[BlackElo "1647"]
[Opening "French: advance, Wade variation"]
[ECO "C02"]
[Time "09:33:55"]
[TimeControl "2700+45"]

1. e4 e6 2. d4 d5 3. e5 c5 4. c3 Qb6 5. Nf3 Bd7 6. Bd3 cxd4 7. cxd4 Bb5 8. Nc3
Bxd3 9. Qxd3 Qa6 10. Qb5+ Qc6 11. O-O a6 12. Qa4 Ne7 13. Bd2 b5 14. Qb3 Qc4 15.
Rfc1 Qxb3 16. axb3 Nec6 17. Nxb5 Kd7 18. Ng5 f5 19. exf6 gxf6 20. Nxe6 axb5 21.
Nxf8+ Rxf8 22. Rxa8 Nxd4 23. Ra7+ Kd6 24. Bb4+ Ke5 25. Re1+ {Black resigns} 1-0

[Event "Team 45 45 League T59"]
[Site "Internet Chess Club"]
[Date "2013.11.24"]
[Round "1"]
[White "rayonline53"]
[Black "GoIrish"]
[Result "1-0"]
[WhiteElo "1578"]
[BlackElo "1662"]
[Opening "Alekhine's defense: exchange variation"]
[ECO "B03"]
[Time "07:00:42"]
[TimeControl "2700+45"]

1. e4 Nf6 2. e5 Nd5 3. d4 d6 4. c4 Nb6 5. exd6 exd6 6. Nc3 Nc6 7. h3 Be7 8. Nf3
O-O 9. Bd3 Nb4 10. Bb1 Bf6 11. O-O d5 12. a3 Nc6 13. c5 Nc4 14. b3 N4a5 15. Bc2
Ne7 16. Bg5 Bxg5 17. Nxg5 h6 18. Nf3 Nac6 19. Qd2 Be6 20. Rfe1 Qd7 21. Ne2 Ng6
22. Rad1 Rae8 23. Nf4 Nd8 24. Nxg6 fxg6 25. Bxg6 Bf7 26. Ne5 Qb5 27. Nxf7 Rxe1+
28. Rxe1 Nxf7 29. Re7 Qc6 30. Bxf7+ Rxf7 31. Rxf7 Kxf7 32. Qf4+ Kg8 33. Qe5 Qd7
34. b4 a6 35. Kh2 Qf7 36. f4 c6 37. g4 Kh7 38. Kg3 g6 39. f5 g5 40. h4 Qd7 41.
hxg5 hxg5 42. f6 Kg6 43. Qf5+ Qxf5 44. gxf5+ Kxf6 45. Kg4 Kg7 46. Kxg5 Kf7 47.
f6 Kf8 48. Kf5 Kf7 49. Ke5 Ke8 50. Ke6 Kf8 51. f7 {Black resigns} 1-0

[Event "Team 45 45 League T59"]
[Site "Internet Chess Club"]
[Date "2013.11.21"]
[Round "1"]
[White "bmw2002"]
[Black "ElMarginal"]
[Result "0-1"]
[WhiteElo "1568"]
[BlackElo "1522"]
[Opening "English, 1...Nf6 (Anglo-Indian defense)"]
[ECO "A15"]
[Time "19:01:54"]
[TimeControl "2700+45"]

1. c4 Nf6 2. g3 Nc6 3. Bg2 e6 4. Nc3 a6 5. Nf3 Be7 6. d4 d5 7. cxd5 Nxd5 8. O-O
O-O 9. e3 Ncb4 10. a3 Nxc3 11. bxc3 Nd5 12. c4 Nf6 13. Ne5 Nd7 14. Nd3 c5 15.
Rb1 Rb8 16. a4 Qc7 17. Ba3 Re8 18. d5 exd5 19. Bxd5 Nb6 20. Rxb6 Qxb6 21. Nf4
Qf6 22. Qc2 Bd6 23. Nd3 b6 24. Bb2 Qg6 25. Qc3 Be6 26. Nf4 Bxf4 27. exf4 Bxd5
28. cxd5 f6 29. Rd1 Rbd8 30. Qc4 Qf7 31. Qxa6 Rxd5 32. Rc1 Rb8 33. Qb5 Qb7 34.
Qc4 Kh8 35. Re1 Rbd8 36. Kg2 Rd4+ {White resigns} 0-1

[Event "Team 45 45 League T59"]
[Site "Internet Chess Club"]
[Date "2013.11.22"]
[Round "1"]
[White "werty"]
[Black "BrerRabbit"]
[Result "1/2-1/2"]
[WhiteElo "1555"]
[BlackElo "1546"]
[Opening "Queen's Pawn"]
[ECO "A41"]
[Time "14:31:02"]
[TimeControl "2700+45"]

1. d4 d6 2. Bf4 g6 3. Nf3 Bg7 4. e3 Nd7 5. Nbd2 e5 6. dxe5 dxe5 7. Bg3 Qe7 8. e4
Ngf6 9. Bc4 O-O 10. O-O a6 11. Ng5 b5 12. Bxf7+ Rxf7 13. Nxf7 Kxf7 14. Qe2 Nh5
15. c3 Bb7 16. f4 Nxg3 17. hxg3 exf4 18. gxf4 Kg8 19. f5 gxf5 20. Rxf5 Rf8 21.
Raf1 {Game drawn by mutual agreement} 1/2-1/2

[Event "Team 45 45 League T59"]
[Site "Internet Chess Club"]
[Date "2013.11.21"]
[Round "1"]
[White "justice02"]
[Black "Constrictor"]
[Result "1-0"]
[WhiteElo "1811"]
[BlackElo "1721"]
[Opening "English opening"]
[ECO "A05"]
[Time "20:32:20"]
[TimeControl "2700+45"]

1. Nf3 Nf6 2. c4 d5 3. g3 c6 4. Bg2 Bf5 5. O-O Nbd7 6. b3 e5 7. Bb2 e4 8. Nd4
Bg6 9. cxd5 cxd5 10. a3 Bc5 11. b4 Bb6 12. e3 Ne5 13. Qa4+ Qd7 14. Nb5 Nd3 15.
Bxf6 gxf6 16. Nd6+ Ke7 17. Qxd7+ Kxd7 18. Nxb7 Bh5 19. Nc3 Kc6 20. Na5+ Bxa5 21.
bxa5 Rab8 22. Rfb1 Bg6 23. a4 Rhd8 24. Nb5 Rb7 25. h4 h5 26. Bh3 a6 27. Nd4+ Kc7
28. Rxb7+ Kxb7 29. Rb1+ Kc7 30. Rb6 Rd6 31. Rb3 Ne5 32. Rc3+ Nc4 33. Bf1 Kd7 34.
Bxc4 dxc4 35. Rxc4 Rd5 36. Nb3 Ke7 37. Nc5 Rxd2 38. Nxe4 Rd5 39. Nc5 Rd6 40. Kg2
Rc6 41. Kf3 Bf5 42. Kf4 Be6 43. Rc3 Bd7 44. Ke4 Kd6 45. Kd4 Bf5 46. e4 Bg4 47.
f4 Be2 48. Re3 Rxc5 49. Rxe2 Rxa5 50. Ra2 Rc5 51. Rb2 Ra5 52. Rb4 Ke6 53. Kc4
Kd6 54. Kb3 Kc7 55. Rc4+ Kd7 56. Kb4 {Black resigns} 1-0

[Event "Team 45 45 League T59"]
[Site "Internet Chess Club"]
[Date "2013.11.24"]
[Round "1"]
[White "elessar"]
[Black "badmove"]
[Result "0-1"]
[WhiteElo "1618"]
[BlackElo "1532"]
[Opening "Sicilian: Kan, 5.Bd3"]
[ECO "B42"]
[Time "17:26:20"]
[TimeControl "2700+45"]

1. e4 c5 2. Nf3 e6 3. d4 cxd4 4. Nxd4 a6 5. Bd3 Qc7 6. O-O Nf6 7. Nd2 Bc5 8.
N2f3 Ng4 9. h3 Bxd4 10. Nxd4 Qh2# {White checkmated} 0-1

[Event "Team 45 45 League T59"]
[Site "Internet Chess Club"]
[Date "2013.11.25"]
[Round "1"]
[White "ILRE"]
[Black "bayoumicardio10"]
[Result "1-0"]
[WhiteElo "1599"]
[BlackElo "1656"]
[Opening "English, 1...Nf6 (Anglo-Indian defense)"]
[ECO "A15"]
[Time "16:05:56"]
[TimeControl "2700+45"]

1. c4 Nf6 2. g3 g6 3. Nc3 Bg7 4. Bg2 d6 5. b4 Nbd7 6. Rb1 Rb8 7. Nf3 c5 8. a3
O-O 9. O-O b6 10. Bb2 cxb4 11. axb4 a5 12. bxa5 bxa5 13. Nb5 Ba6 14. Nfd4 Bb7
15. Nc6 Bxc6 16. Bxc6 Qc7 17. Nxc7 {Black resigns} 1-0

[Event "Team 45 45 League T59"]
[Site "Internet Chess Club"]
[Date "2013.11.25"]
[Round "1"]
[White "Hal2001"]
[Black "seattleblues"]
[Result "0-1"]
[WhiteElo "1529"]
[BlackElo "1551"]
[Opening "Caro-Kann: classical variation"]
[ECO "B18"]
[Time "21:03:29"]
[TimeControl "2700+45"]

1. e4 c6 2. d4 d5 3. Nc3 dxe4 4. Nxe4 Bf5 5. Ng3 Bg6 6. N1e2 h6 7. Nf4 Bh7 8.
Bc4 Nf6 9. O-O e6 10. Re1 Nd5 11. Bxd5 cxd5 12. Qh5 g6 13. Qxd5 Nc6 14. Nxe6
fxe6 15. Rxe6+ Be7 16. Qb5 Qd7 17. d5 Nd4 18. Qxd7+ Kxd7 19. Rxe7+ Kxe7 20. Bxh6
Kd7 21. Rc1 Bg8 22. Bg7 Rh4 23. c4 Nf5 24. Bf6 Nxg3 25. fxg3 Re4 26. h4 Rae8 27.
Kh2 Re2 28. Bd4 b6 29. a3 R8e4 30. Bg7 Rf2 31. b4 Ree2 32. Rg1 Ra2 33. Bd4 Rfe2
34. g4 Rxa3 35. h5 gxh5 36. gxh5 Re4 37. Bf6 Rxc4 38. Re1 Bxd5 39. h6 Be4 40.
Bg7 Bh7 41. Bf6 Re4 42. Rd1+ Kc6 43. Rd8 Rf4 44. Be7 Ra2 45. Rh8 Rf7 46. Bd8 Re2
47. Kg1 Re1+ 48. Kh2 Re6 49. Bg5 Re5 50. Bd2 Re6 51. Kh3 Rg6 52. Re8 Rg8 53. Re3
Rf5 54. g4 Rf7 55. Kh4 Rd7 56. Bc3 Rd1 57. Bg7 Rg1 58. Kg5 Rf1 59. Kh5 Rh1+ 60.
Kg5 Rf1 61. Kh5 Rf7 62. g5 Rf5 63. Kg4 Rf7 64. Kh5 Rfxg7 65. hxg7 Rxg7 66. Kh6
Rd7 67. g6 Bxg6 68. Kxg6 Rd4 69. Ra3 Rd7 70. Ra1 Kb5 71. Rb1 Rd4 72. Ra1 a6 73.
Kf5 Rxb4 74. Ke5 a5 75. Kd5 Rc4 76. Rb1+ Rb4 77. Ra1 a4 78. Ra2 Rb3 79. Kd4 Kb4
80. Rc2 b5 81. Rc8 a3 82. Ra8 Rb2 {White resigns} 0-1

[Event "Team 45 45 League T59"]
[Site "Internet Chess Club"]
[Date "2013.11.23"]
[Round "1"]
[White "Bookkeeper"]
[Black "spongenotbob"]
[Result "1-0"]
[WhiteElo "1621"]
[BlackElo "1881"]
[Opening "Caro-Kann: two knights, 3...Bg4"]
[ECO "B10"]
[Time "15:02:14"]
[TimeControl "2700+45"]

1. e4 c6 2. Nf3 d5 3. Nc3 Bg4 4. h3 Bxf3 5. Qxf3 e6 6. d4 dxe4 7. Nxe4 Qxd4 8.
c3 Qd5 9. Bg5 Nd7 10. Rd1 Qf5 11. Qd3 Qd5 12. Qf3 Qa5 13. Be2 f6 14. Bf4 O-O-O
15. O-O e5 16. Be3 c5 17. Qf5 g6 18. Qe6 Qb6 19. Nd6+ Kb8 20. Bb5 Bxd6 21. Rxd6
Qxb5 22. Rfd1 Qe2 23. R1d5 Nh6 24. Rxd7 Rxd7 25. Rxd7 Nf5 26. Qxf6 Rc8 27. Qxe5+
Ka8 28. Qd5 {Black resigns} 1-0

[Event "Team 45 45 League T59"]
[Site "Internet Chess Club"]
[Date "2013.11.25"]
[Round "1"]
[White "Schack"]
[Black "Nathan-L"]
[Result "1-0"]
[WhiteElo "1723"]
[BlackElo "1793"]
[Opening "French: Winawer, advance variation"]
[ECO "C18"]
[Time "17:30:42"]
[TimeControl "2700+45"]

1. e4 e6 2. d4 d5 3. Nc3 Bb4 4. e5 c5 5. a3 Bxc3+ 6. bxc3 Qb6 7. Qg4 Kf8 8. Nf3
Nc6 9. Bd3 Nge7 10. h4 cxd4 11. cxd4 Bd7 12. O-O Rc8 13. Bd2 Qc7 14. h5 h6 15.
Qf4 Kg8 16. g4 f6 17. Kh1 fxe5 18. dxe5 Rf8 19. Qg3 Kf7 20. Nh4 Ke8 21. f4 Kd8
22. Rab1 Rf7 23. Rb2 Rhf8 24. Rfb1 Bc8 25. Rd1 Na5 26. c4 Nxc4 27. Rc2 b5 28.
Bg6 Nxg6 29. Nxg6 Re8 30. Qh4+ Kd7 31. Bb4 Qb6 32. f5 a5 33. fxe6+ Qxe6 34. Bd6
Bb7 35. Kg1 Nxd6 36. exd6 Qxd6 37. g5 Re4 38. Qxe4 Qg3+ 39. Rg2 Qxa3 40. Rxd5+
Kc7 41. Rc2+ Kb6 42. Qe6+ Ka7 43. Qxf7 Qg3+ 44. Rg2 Qe1+ 45. Kh2 Qh4+ 46. Nxh4
{Black resigns} 1-0

[Event "Team 45 45 League T59"]
[Site "Internet Chess Club"]
[Date "2013.11.22"]
[Round "1"]
[White "AdithJosh"]
[Black "drsigmund1"]
[Result "0-1"]
[WhiteElo "1443"]
[BlackElo "1626"]
[Opening "French defense, Steiner variation"]
[ECO "C00"]
[Time "20:00:59"]
[TimeControl "2700+45"]

1. e4 e6 2. c4 c5 3. Nf3 Nc6 4. Nc3 g6 5. d4 cxd4 6. Nxd4 Nge7 7. Bg5 Bg7 8.
Ndb5 O-O 9. Qd6 Be5 10. Qc5 b6 11. Qe3 a6 12. Na3 Qc7 13. g3 f6 14. Bh6 Rf7 15.
Bg2 Bb7 16. O-O Kh8 17. Rad1 Ng8 18. Bf4 Bxf4 19. Qxf4 Qxf4 20. gxf4 e5 21. fxe5
fxe5 22. Nd5 Rd8 23. Nxb6 Nb4 24. Nd5 Nxa2 25. Ra1 Bxd5 26. exd5 Nb4 27. Rfe1 d6
28. Re3 Rb8 29. Rb3 Rfb7 30. Be4 Nf6 31. Bf3 Nd7 32. Bg4 Nc5 33. Rf3 Nbd3 34.
Rf6 Ne4 35. Rf3 Nf4 36. Re3 Nc5 37. Rc3 Rxb2 38. Rc2 Nfd3 39. Rxb2 Rxb2 40. Rb1
Ra2 41. Rb8+ Kg7 42. Nb1 Nxf2 43. Be6 Nfe4 44. Bc8 a5 45. Ra8 Ra1 46. Rb8 Nd2
47. Rb6 Rxb1+ 48. Rxb1 Nxb1 49. Ba6 a4 50. Bc8 a3 51. Bg4 a2 52. Bd1 a1=Q {White
resigns} 0-1

[Event "Team 45 45 League T59"]
[Site "Internet Chess Club"]
[Date "2013.11.23"]
[Round "1"]
[White "sdcohle"]
[Black "medsurg"]
[Result "1-0"]
[WhiteElo "1482"]
[BlackElo "1296"]
[Opening "QGD Slav: 4.e3"]
[ECO "D11"]
[Time "22:00:22"]
[TimeControl "2700+45"]

1. d4 d5 2. c4 c6 3. e3 Nf6 4. Nf3 Bg4 5. Nc3 e6 6. c5 Nbd7 7. Be2 Be7 8. O-O
Qc7 9. h3 h5 10. Nh2 Bxe2 11. Qxe2 e5 12. Bd2 e4 13. f3 g5 14. f4 gxf4 15. Rxf4
O-O-O 16. b4 Rdg8 17. Be1 Nf8 18. Bh4 Qd8 19. Raf1 N8d7 20. Qf2 Rg6 21. Ne2 Rhg8
22. g3 a6 23. Rf5 Kb8 24. Nf4 Rxg3+ 25. Bxg3 h4 26. Ne2+ hxg3 27. Nxg3 Qc7 28.
Kg2 Rg6 29. Qf4 Qxf4 30. R1xf4 Kc8 31. Ng4 Nxg4 32. Rxg4 Rxg4 33. hxg4 f6 34.
Kh3 Kd8 35. Kh4 Ke8 36. Kh5 Kf7 37. Rf2 Nf8 38. Nf5 Ne6 39. Nd6+ Bxd6 40. cxd6
Kg7 41. Rf5 Kf7 42. Kh6 Nd8 43. g5 {Black resigns} 1-0

[Event "Team 45 45 League T59"]
[Site "Internet Chess Club"]
[Date "2013.11.26"]
[Round "1"]
[White "fledermaus"]
[Black "bobhill"]
[Result "1-0"]
[WhiteElo "1846"]
[BlackElo "1926"]
[Opening "QGD: Charousek (Petrosian) variation"]
[ECO "D31"]
[Time "17:13:11"]
[TimeControl "2700+45"]

1. d4 d5 2. c4 e6 3. Nc3 Be7 4. Nf3 h6 5. cxd5 exd5 6. Bf4 Nf6 7. Qc2 c6 8. e3
O-O 9. h3 a6 10. Bd3 Nbd7 11. O-O-O b5 12. Kb1 a5 13. g4 a4 14. Ka1 Qa5 15. Ne2
c5 16. dxc5 Nxc5 17. Ned4 Bd7 18. Kb1 b4 19. Qe2 Nce4 20. Ne5 a3 21. Nec6 Bxc6
22. Nxc6 axb2 23. Nxa5 Nc3+ 24. Kxb2 Nxe2 25. Nc6 Bc5 26. Bxe2 Rfc8 27. Ne5 Ne4
28. Ra1 Ra3 29. Rhc1 Nc3 30. Bf3 d4 31. Nd3 Na4+ 32. Kc2 b3+ 33. axb3 Bb6+ 34.
Kd2 Rxc1 35. Rxc1 Rxb3 36. Rc8+ Kh7 37. Be4+ g6 38. Be5 Ba5+ 39. Ke2 f6 40. Bxf6
Nc3+ 41. Kf3 {Black resigns} 1-0

[Event "Team 45 45 League T59"]
[Site "Internet Chess Club"]
[Date "2013.11.24"]
[Round "1"]
[White "Beetlejuice"]
[Black "RubberDuck"]
[Result "1/2-1/2"]
[WhiteElo "1709"]
[BlackElo "1846"]
[Opening "Neo-Grünfeld, 6.cd Nxd5, 7.O-O"]
[ECO "D74"]
[Time "13:00:54"]
[TimeControl "2700+45"]

1. d4 Nf6 2. c4 g6 3. g3 Bg7 4. Bg2 d5 5. cxd5 Nxd5 6. Nf3 O-O 7. O-O Nc6 8. Nc3
Nb6 9. e3 e6 10. b3 e5 11. dxe5 Nxe5 12. Nxe5 Bxe5 13. Bb2 c6 14. Qe2 Qc7 15.
Rac1 a6 16. Ne4 Bf5 17. Bxe5 Qxe5 18. Nc5 Qc7 19. h3 Rad8 20. Rfd1 Nd7 21. Ne4
Bxe4 22. Bxe4 Rfe8 23. Bg2 Qe5 24. Rd2 Qe7 25. Rcd1 Nf6 26. Rd4 Rxd4 27. Rxd4
Rd8 {Game drawn by mutual agreement} 1/2-1/2

[Event "Team 45 45 League T59"]
[Site "Internet Chess Club"]
[Date "2013.11.21"]
[Round "1"]
[White "jonesey"]
[Black "misuc56"]
[Result "1/2-1/2"]
[WhiteElo "1799"]
[BlackElo "1825"]
[Opening "QGD: 3.Nc3"]
[ECO "D31"]
[Time "15:00:41"]
[TimeControl "2700+45"]

1. d4 d5 2. c4 e6 3. Nc3 f5 4. Nf3 c6 5. Bf4 Nf6 6. e3 Bd6 7. Bxd6 Qxd6 8. Be2
O-O 9. O-O a6 10. Qc2 Ne4 11. Rab1 Nd7 12. b4 h6 13. Rfc1 Qe7 14. a4 Kh8 15. b5
axb5 16. axb5 Rg8 17. bxc6 bxc6 18. cxd5 cxd5 19. Bb5 Kh7 20. Bxd7 Bxd7 21. Ne5
Be8 22. f3 Nxc3 23. Qxc3 Ra3 24. Qc5 Ra7 25. Rb6 Rb7 26. Qxe7 Rxe7 27. Ra1 Rf8
28. Ra8 g5 29. Nc6 Ref7 30. Ne5 Re7 31. Nc6 Ref7 32. Ne5 Re7 {Game drawn by
repetition} 1/2-1/2

[Event "Team 45 45 League T59"]
[Site "Internet Chess Club"]
[Date "2013.11.23"]
[Round "1"]
[White "qs16"]
[Black "gcl"]
[Result "0-1"]
[WhiteElo "1758"]
[BlackElo "1687"]
[Opening "Queen's pawn: stonewall attack"]
[ECO "D00"]
[Time "15:01:02"]
[TimeControl "2700+45"]

1. d4 d5 2. e3 Nf6 3. Bd3 c5 4. c3 Nc6 5. Nf3 Bg4 6. Nbd2 e5 7. dxe5 Nxe5 8. Be2
Nxf3+ 9. Nxf3 Bd6 10. h3 Bd7 11. Bd3 O-O 12. O-O Qc7 13. Re1 Rfe8 14. Qc2 Bc6
15. Bd2 Rad8 16. b4 d4 17. Be2 Be4 18. Qb3 d3 19. Bd1 c4 20. Qb2 b6 21. Nd4 Qb7
22. Bf3 Bxf3 23. Nxf3 a6 24. Rf1 Ne4 25. Be1 Be7 26. Nd2 Nxc3 27. Qxc3 Bf6 28.
Qc1 c3 29. Rb1 cxd2 30. Bxd2 Rc8 31. Qa3 Red8 32. Rbc1 Rc2 33. Rxc2 dxc2 34. Qc1
Qd5 35. Qxc2 Qxd2 36. Qc6 Qxb4 37. Rc1 Qd6 38. Qa4 b5 39. Qe4 Qd2 40. Rc7 Qd1+
41. Kh2 Qd6+ {White resigns} 0-1

[Event "Team 45 45 League T59"]
[Site "Internet Chess Club"]
[Date "2013.11.24"]
[Round "1"]
[White "MASTERCHEF"]
[Black "primerpaso"]
[Result "0-1"]
[WhiteElo "1748"]
[BlackElo "1949"]
[Opening "Sicilian: Grand Prix attack"]
[ECO "B23"]
[Time "18:00:47"]
[TimeControl "2700+45"]

1. e4 c5 2. Nc3 Nc6 3. f4 g6 4. Nf3 Bg7 5. Bb5 Nd4 6. Bd3 e6 7. Nxd4 cxd4 8. Nb5
d6 9. c3 Qb6 10. Nxd4 Bxd4 11. Qa4+ Bd7 12. Qxd4 Qxd4 13. cxd4 Bc6 14. O-O Nf6
15. e5 Nd5 16. a3 O-O 17. b4 a6 18. Bb2 Rfd8 19. Bc3 Nb6 20. Be2 Rac8 21. g4 Bd5
22. Rac1 Bc4 23. d3 Bb5 24. Bd2 dxe5 25. Rxc8 Rxc8 26. dxe5 Rc2 27. Be3 Nd5 28.
Bd1 Rc3 29. Bd2 Rxd3 30. Rf2 Nxf4 31. Bc2 Nh3+ {White resigns} 0-1

[Event "Team 45 45 League T59"]
[Site "Internet Chess Club"]
[Date "2013.11.20"]
[Round "1"]
[White "elmaestro"]
[Black "Portola"]
[Result "0-1"]
[WhiteElo "1740"]
[BlackElo "1847"]
[Opening "French: Tarrasch"]
[ECO "C03"]
[Time "22:04:05"]
[TimeControl "2700+45"]

1. e4 e6 2. d4 d5 3. Nd2 dxe4 4. Nxe4 Be7 5. Nf3 Nd7 6. Bd3 Ngf6 7. Ng3 b6 8.
O-O Bb7 9. Qe2 O-O 10. Re1 c5 11. Ng5 Re8 12. Nxf7 Qc7 13. Ng5 Nf8 14. Nh5 Qc6
15. Ne4 Nxh5 16. Qxh5 c4 17. Bf1 Rad8 18. Qg4 Rxd4 19. f3 Rdd8 20. Bg5 Bxg5 21.
Qxg5 e5 22. b3 b5 23. Rad1 Rxd1 24. Rxd1 Qb6+ 25. Kh1 Bxe4 26. fxe4 cxb3 27.
axb3 a6 28. h4 Qf2 29. h5 h6 30. Qg4 Qxc2 31. Rd6 Qc8 32. Qg3 Kh8 33. Rd5 Qc7
34. Be2 Qc1+ 35. Rd1 Qc7 36. Bg4 Qf7 37. Qd3 Qf4 38. Qe2 Qf6 39. Rf1 Qe7 40. Bf5
Ne6 41. Bg6 Nf4 42. Qf3 Rd8 43. g3 Nxg6 44. hxg6 Kg8 45. Qg4 Qd7 46. Qh4 Rf8 47.
Rg1 Qe6 48. Qh5 Qxb3 49. Qxe5 Qf3+ 50. Kh2 Qb3 51. Ra1 Qc2+ 52. Kh3 Qc6 53. Qh5
Qd7+ 54. Kh4 Qe6 55. Qg4 Qf6+ 56. Kh5 Qxa1 57. Qe6+ Kh8 58. e5 Qd1+ 59. Kh4 Qd4+
60. Kh5 Qe3 61. Kh4 Qe4+ 62. Kh3 Qf5+ {White resigns} 0-1

[Event "Team 45 45 League T59"]
[Site "Internet Chess Club"]
[Date "2013.11.24"]
[Round "1"]
[White "Heian"]
[Black "nanning"]
[Result "1-0"]
[WhiteElo "1838"]
[BlackElo "1627"]
[Opening "Caro-Kann: advance variation"]
[ECO "B12"]
[Time "13:41:47"]
[TimeControl "2700+45"]

1. e4 c6 2. d4 d5 3. e5 Bf5 4. Nf3 e6 5. Be2 c5 6. c3 Nc6 7. O-O Nge7 8. dxc5
Ng6 9. b4 Ngxe5 10. Nxe5 Nxe5 11. Re1 Be7 12. Bb2 Nc4 13. Qa4+ Qd7 14. Qxd7+
Kxd7 15. Bxc4 dxc4 16. Nd2 Bd3 17. Rad1 Kc6 18. a4 a6 19. Nf3 Bc2 20. Ne5+ Kc7
21. Rd7+ {Black resigns} 1-0

[Event "Team 45 45 League T59"]
[Site "Internet Chess Club"]
[Date "2013.11.26"]
[Round "1"]
[White "HematiteBrown"]
[Black "TerryMalloy"]
[Result "1/2-1/2"]
[WhiteElo "1992"]
[BlackElo "1937"]
[Opening "Petrov: Kaufmann attack"]
[ECO "C42"]
[Time "12:00:55"]
[TimeControl "2700+45"]

1. e4 e5 2. Nf3 Nf6 3. Nxe5 d6 4. Nf3 Nxe4 5. c4 Nc6 6. Nc3 Nxc3 7. bxc3 Be7 8.
Be2 O-O 9. O-O Bf5 10. Qb3 Rb8 11. d4 Re8 12. Be3 Bf6 13. Rfe1 h6 14. Rac1 b6
15. h3 Qd7 16. Nh2 Re7 17. Ng4 Bxg4 18. Bxg4 Qe8 19. Qb1 Na5 20. Qd3 Qa4 21. Be2
Rbe8 22. Qf5 Qd7 23. Qf3 Bg5 24. Bd3 Qa4 25. h4 Bxe3 26. fxe3 Nxc4 27. Qf5 g6
28. Qf4 Kg7 29. e4 d5 30. Rf1 dxe4 31. Bxe4 Nd6 32. Qf6+ Kh7 33. Bd5 Qd7 34. h5
c6 35. Bxf7 Nxf7 36. hxg6+ Kg8 37. gxf7+ Rxf7 38. Qxh6 Qe6 39. Qxe6 Rxe6 40.
Rxf7 Kxf7 41. Kf2 Kg6 42. Re1 Rf6+ 43. Kg3 a5 44. Re5 b5 45. Rc5 a4 46. d5 cxd5
47. Rxd5 Rc6 48. Rd3 Rc4 49. Kf3 Kf5 50. Ke3 Ke5 51. Kd2 b4 52. cxb4 Rxb4 53.
Kc2 Re4 54. Kc3 Re2 55. Rd2 Re4 56. a3 Rg4 57. Rb2 Kd5 58. Ra2 Kc5 59. Kd3 Kd5
60. Kc3 Kc5 61. Rf2 Rg3+ 62. Kb2 Rb3+ 63. Ka2 Rg3 64. Rf5+ Kc4 65. Rf4+ Kb5 66.
Rb4+ Ka5 67. Rb2 Ka6 68. Rf2 Kb5 69. Kb2 Rb3+ 70. Ka2 Rg3 71. Rf5+ Kc4 72. Rf4+
Kb5 73. Rb4+ Ka5 74. Rb2 Ka6 {Game drawn by mutual agreement} 1/2-1/2

[Event "Team 45 45 League T59"]
[Site "Internet Chess Club"]
[Date "2013.11.22"]
[Round "1"]
[White "thecube"]
[Black "pmcglothin"]
[Result "1-0"]
[WhiteElo "1815"]
[BlackElo "1775"]
[Opening "King's Indian: Petrosian system, main line"]
[ECO "E93"]
[Time "09:06:44"]
[TimeControl "2700+45"]

1. d4 Nf6 2. c4 g6 3. Nc3 Bg7 4. e4 d6 5. Nf3 O-O 6. Be2 e5 7. d5 Nbd7 8. Bg5 h6
9. Bh4 a5 10. a3 Nc5 11. b4 axb4 12. axb4 Rxa1 13. Qxa1 Na6 14. Qa3 Bd7 15. c5
Qa8 16. Bxf6 Bxf6 17. O-O Be7 18. Ra1 Qc8 19. c6 bxc6 20. Bxa6 Qb8 21. Rb1 Qa7
22. Qa4 Bc8 23. Bxc8 Qxa4 24. Nxa4 Rxc8 25. dxc6 Ra8 26. Nc3 f5 27. Nd5 Bd8 28.
exf5 gxf5 29. b5 Kf7 30. b6 cxb6 31. c7 {Black resigns} 1-0

[Event "Team 45 45 League T59"]
[Site "Internet Chess Club"]
[Date "2013.11.24"]
[Round "1"]
[White "calsal"]
[Black "DanMcClintic"]
[Result "0-1"]
[WhiteElo "1667"]
[BlackElo "1729"]
[Opening "Caro-Kann: Tartakower (fantasy) variation"]
[ECO "B12"]
[Time "17:00:37"]
[TimeControl "2700+45"]

1. e4 c6 2. d4 d5 3. f3 dxe4 4. fxe4 e5 5. Nf3 Bg4 6. Bc4 Qxd4 7. Bxf7+ Ke7 8.
Qxd4 exd4 9. Bc4 Bxf3 10. gxf3 h6 11. Bf4 Nd7 12. Nd2 g5 13. Bg3 Bg7 14. h4 Ngf6
15. hxg5 hxg5 16. O-O-O Nh5 17. Bf2 b5 18. Bd3 Nf4 19. Nb3 Nxd3+ 20. cxd3 c5 21.
Bg3 Rxh1 22. Rxh1 Rh8 23. Rxh8 Bxh8 24. Kd2 a6 25. Na5 Ne5 26. Ke2 Kd7 27. Nb3
Kc6 28. Be1 Ng6 29. Bf2 Nf4+ 30. Kd2 Ne6 31. Kc2 c4 32. Nd2 Kc5 33. a3 Nf4 34.
dxc4 bxc4 35. Bg3 d3+ 36. Kd1 Bxb2 37. Nf1 c3 38. Ne3 c2+ 39. Nxc2 dxc2+ 40.
Kxc2 Be5 41. Bf2+ Kc4 42. Bb6 Ne6 43. Be3 a5 44. Bd2 a4 45. Be3 Nd4+ 46. Bxd4
Kxd4 47. Kd2 Bf4+ 48. Kc2 Bd6 49. Kb2 Ke3 {White resigns} 0-1